 Dungeon Sprint DCSS version 0.19.1 (webtiles) character file.

449 dvd the Protected (level 6, 0/63 HPs)
             Began as a Minotaur Fighter on Dec 22, 2016.
             Was an Initiate of Okawaru.
             Slain by a polar bear (2 damage)
             ... in the Dungeon (Sprint II: "The Violet Keep of Menkaure").
             The game lasted 00:03:31 (488 turns).

dvd the Protected (Minotaur Fighter)                 Turns: 488, Time: 00:03:32

Health: 0/63       AC:  8    Str: 26    XL:     6   Next: 74%
Magic:  5/5        EV: 10    Int:  5    God:    Okawaru [......]
Gold:   243        SH: 12    Dex: 11    Spells: 0 memorised, 5 levels left

rFire  . . .     SeeInvis .     a - +0 war axe
rCold  . . .     Gourm    .     b - +0 scale mail
rNeg   . . .     Faith    .     c - +0 shield
rPois  .         Spirit   .     (helmet restricted)
rElec  .         Reflect  .     (no cloak)
rCorr  .         Harm     .     (no gloves)
MR     .....     NoTele   +     (no boots)
Stlth  ..........               (no amulet)
                                (no ring)
                                (no ring)

@: mighty
A: retaliatory headbutt, horns 2
a: Renounce Religion


You were in the Dungeon.
You worshipped Okawaru.
Okawaru was noncommittal.
You were not hungry.

You visited 1 branch You collected 243 gold pieces.

Inventory:

Hand Weapons
 a - a +0 war axe (weapon)
Armour
 b - a +0 scale mail (worn)
 c - a +0 shield (worn)
Scrolls
 k - a scroll of blinking
Potions
 g - a potion of heal wounds
 h - a potion of haste
 i - 2 potions of magic
Comestibles
 f - a bread ration
 j - 6 chunks of flesh


   Skills:
 + Level 9.2 Fighting
 + Level 8.4 Axes
 + Level 10.2 Armour
 + Level 2.5 Dodging
 + Level 8.9 Shields


You had 5 spell levels left.
You didn't know any spells.

Dungeon Overview and Level Annotations

Branches:
Dungeon (1/1)

Altars:
Cheibriados
Dithmenos
Elyvilon
Fedhas
Gozag
Hepliaklqana
Kikubaaqudgha
Makhleb
Nemelex Xobeh
Okawaru
Qazlal
Ru
Sif Muna
Trog
Uskayaw
Vehumet
Xom
Yredelemnul
Zin
The Shining One
Beogh
Jiyva
Lugonu

Shops:
D *:?==[*!}![}%(:[

Annotations:
D exclusions: ice statue and oklob plant


Innate Abilities, Weirdness & Mutations

You reflexively headbutt those who attack you in melee.
You have a pair of horns on your head.


Message History

You slash the polar bear! You headbutt the polar bear!
The polar bear is almost dead.
You hit the polar bear.
The polar bear goes berserk!
The polar bear bites you but does no damage.
You block the polar bear's attack. The polar bear closely misses you.
You hit the polar bear.
The polar bear is almost dead.
You barely miss the polar bear. You block the polar bear's attack.
The polar bear barely misses you. The polar bear closely misses you.
The polar bear bites you!
* * * LOW HITPOINT WARNING * * *
You block the polar bear's attack. The polar bear claws you.
* * * LOW HITPOINT WARNING * * *
The polar bear bites you!
* * * LOW HITPOINT WARNING * * *
The polar bear claws you but does no damage.
The polar bear closely misses you.
The polar bear bites you but does no damage.
The polar bear claws you.
You die... #....# ...# ###..## #..# .# ?)" #+# .##..# +..# .# ($) #.##.w.#..# #..# .# (()%

.<.+# +..### ..##.#▓!!%$
#.##$w.#..§.###...##▓▓▓▓▓
#+# .##.§.§..≈≈yc≈≈≈≈≈≈≈
#≈≈§....≈#h########
#≈≈≈≈≈≈≈..≈#@h_._...#
#≈≈≈≈≈≈§§.≈#._._._..#
#≈≈≈≈§§≈≈§≈≈#_._._._.#
≈≈≈≈≈≈≈§≈§≈≈≈#._._._._#
+++#≈≈≈≈§§§≈≈#.._._._.#
##≈§≈###§≈#..._._._#
#§§#...._._.#
#≈§#....._..#


You could see 2 polar bears, a yaktaur and a hornet.

Vanquished Creatures
  A polar bear (D)
  2 crocodiles (D)
  4 worker ants (D)
7 creatures vanquished.

Vanquished Creatures (others)
  Menkaure (D)
1 creature vanquished.

Grand Total: 8 creatures vanquished

Notes
Turn   | Place    | Note
-------+----------+-------------------------------------------
     0 | D        | dvd the Minotaur Fighter began the quest for the Orb.
     0 | D        | Reached XP level 1. HP: 19/19 MP: 0/0
     1 | D        | Noticed a tyrant leech
     1 | D        | Noticed a tyrant leech
     5 | D        | Noticed a worker ant
     5 | D        | Noticed a worker ant
     5 | D        | Noticed a worker ant
     5 | D        | Noticed a worker ant
    11 | D        | Killed a worker ant
    11 | D        | Reached skill level 5 in Fighting
    11 | D        | Reached skill level 5 in Armour
    11 | D        | Reached skill level 5 in Shields
    11 | D        | Reached XP level 2. HP: 21/29 MP: 1/1
    26 | D        | Reached XP level 3. HP: 12/36 MP: 2/2
    28 | D        | Reached skill level 6 in Armour
    28 | D        | Reached XP level 4. HP: 15/44 MP: 3/3
   249 | D        | Found Sasaub's Antique Weapon Emporium.
   249 | D        | Found Sommatie's Antique Armour Emporium.
   249 | D        | Found Nimareg's Food Shoppe.
   249 | D        | Found Ossatocu's Book Shoppe.
   249 | D        | Found Kongaoqe's Gadget Emporium.
   250 | D        | Found Zoteph's Distillery.
   250 | D        | Found Mivaaz's Gadget Emporium.
   250 | D        | Found Qaba's Distillery.
   251 | D        | Found Heuckeic's General Store.
   251 | D        | Found Locs's Antique Armour Shoppe.
   251 | D        | Found Ucyrch's Jewellery Shoppe.
   252 | D        | Found Essanuph's Antique Armour Emporium.
   253 | D        | Found Toetawnok's Jewellery Shoppe.
   253 | D        | Found Usotatec's Magic Scroll Emporium.
   253 | D        | Noticed a crocodile
   253 | D        | Noticed a great orb of eyes
   253 | D        | Noticed an oklob plant
   254 | D        | Found Futyb's General Store.
   254 | D        | Found Pusaveb's Book Shoppe.
   255 | D        | Noticed a crocodile
   264 | D        | Killed Menkaure
   269 | D        | Killed a crocodile
   269 | D        | Reached skill level 7 in Armour
   269 | D        | Reached skill level 1 in Dodging
   269 | D        | Reached XP level 5. HP: 31/52 MP: 4/4
   277 | D        | Noticed a redback
   280 | D        | Noticed a soldier ant
   285 | D        | Killed a crocodile
   285 | D        | Reached skill level 8 in Armour
   432 | D        | Noticed a soldier ant
   434 | D        | Noticed a soldier ant
   437 | D        | Noticed a redback
   456 | D        | Noticed an ice statue
   467 | D        | Found an iron altar of Okawaru.
   467 | D        | Found an opulent altar of Gozag.
   468 | D        | Found a sparkling altar of Nemelex Xobeh.
   468 | D        | Found a blossoming altar of Fedhas.
   469 | D        | Found a radiant altar of Vehumet.
   469 | D        | Found a burning altar of Makhleb.
   469 | D        | Found a white marble altar of Elyvilon.
   470 | D        | Found a hide-covered altar of Uskayaw.
   470 | D        | Found a corrupted altar of Lugonu.
   470 | D        | Found a shadowy altar of Dithmenos.
   471 | D        | Found a glowing golden altar of the Shining One.
   471 | D        | Found a bloodstained altar of Trog.
   471 | D        | Found an ancient bone altar of Kikubaaqudgha.
   472 | D        | Found a glowing silver altar of Zin.
   472 | D        | Found a deep blue altar of Sif Muna.
   472 | D        | Found a viscous altar of Jiyva.
   473 | D        | Found a basalt altar of Yredelemnul.
   473 | D        | Found a sacrificial altar of Ru.
   474 | D        | Found a shimmering altar of Xom.
   474 | D        | Found a stormy altar of Qazlal.
   474 | D        | Found a snail-covered altar of Cheibriados.
   474 | D        | Found a hazy altar of Hepliaklqana.
   474 | D        | Noticed a hornet
   474 | D        | Noticed a polar bear
   475 | D        | Noticed a polar bear
   475 | D        | Found a roughly hewn altar of Beogh.
   475 | D        | Noticed a yaktaur
   476 | D        | Noticed a polar bear
   477 | D        | Became a worshipper of Warmaster Okawaru
   484 | D        | Killed a polar bear
   484 | D        | Reached skill level 10 in Armour
   484 | D        | Reached XP level 6. HP: 37/63 MP: 5/5
   488 | D        | HP: 2/63 [polar bear (14)]
   488 | D        | Slain by a polar bear

Skill      XL: |  1  2  3  4  5 |
---------------+----------------+-----
Fighting       | 5 6 7 9 |  9.2
Axes           | 3 4 6 8 |  8.4
Armour         | 5 6 7 10 | 10.2
Shields        | 5 6 7 8 |  8.9
Dodging        | 1 2 |  2.5

Action                   |  1- 3 |  4- 6 || total
-------------------------+-------+-------++-------
Melee: War axe           |    21 |    22 ||    43
       Headbutt          |     2 |     5 ||     7
  Use: Potion            |     2 |     1 ||     3
Armor: Scale mail        |     8 |    13 ||    21
Dodge: Dodged            |     6 |    18 ||    24
Block: Shield            |     9 |    15 ||    24
